 Dungeon Crawl Stone Soup version 0.28.0 (webtiles) character file.

Game seed: 2223558691327629059

512 DiogoH the Changer (level 7, -6/44 HPs)
             Began as an Octopode Transmuter on Feb 18, 2022.
             Was an Initiate of Gozag.
             Killed from afar by Blork the orc (9 damage)
             ... with a magic dart
             ... on level 6 of the Dungeon.
             The game lasted 01:04:00 (5864 turns).

DiogoH the Changer (Octopode Transmuter)            Turns: 5864, Time: 01:04:01

Health: -6/44      AC:  2    Str: 10    XL:     7   Next: 19%
Magic:  8/12       EV: 19    Int: 17    God:    Gozag
Gold:   201        SH:  0    Dex: 17    Spells: 5/13 levels left

rFire   . . .      SeeInvis .     - Unarmed
rCold   . . .      Faith    .   (shield currently unavailable)
rNeg    . . .      Spirit   .   (helmet currently unavailable)
rPois   x          Reflect  .   l - amulet of the acrobat
rElec   .          Harm     .   (no ring)
rCorr   .          Rampage  .   (no ring)
Will    .....                   (no ring)
Stlth   +++.......              (no ring)
HPRegen 0.14/turn               (no ring)
MPRegen 0.13/turn               (no ring)
                                (no ring)
                                (no ring)

@: spider-form (expiring), gold aura
A: venomous fangs, almost no armour, (amphibious), 8 rings, tiny, (camouflage
1), (gelatinous body 1), (nimble swimmer 1), (tentacles)
a: End Transformation, Renounce Religion, Potion Petition, Call Merchant, Bribe
Branch


You were on level 6 of the Dungeon.
You worshipped Gozag.
Gozag was aware of your devotion.
You were a venomous arachnid creature.
You visited 2 branches of the dungeon, and saw 7 of its levels.
You also visited: Sewer.

You collected 258 gold pieces.
You paid 57 gold pieces to Gozag.

Inventory:

Hand Weapons
 a - the +9 long sword of Meamehu (melded) {protect, rC+}
   (You found it on level 3 of the Dungeon)

   It grants its wielder temporary protection when it strikes (+7 to AC).
   rC:        It protects you from cold.
 b - a +0 hunting sling
 g - a +0 fustibalus
 s - a +0 short sword of protection
 w - a +2 whip of venom
Missiles
 c - 107 stones
 i - 6 boomerangs (quivered)
 t - 4 poisoned darts
 y - 13 sling bullets
Jewellery
 l - an amulet of the acrobat (around neck)
Wands
 z - a wand of polymorph (10)
Scrolls
 n - a scroll of vulnerability {unknown}
 p - a scroll of magic mapping
 r - a scroll of fog {unknown}
 u - a scroll of amnesia {unknown}
 x - a scroll of identify
Potions
 d - a potion of heal wounds
 e - a potion of lignification {unknown}
 f - a potion of ambrosia {unknown}
 h - 3 potions of curing
 j - a potion of mutation {unknown}
 k - a potion of haste {unknown}
 m - a potion of attraction {unknown}
 o - a potion of magic {unknown}
 q - a potion of might {unknown}
 v - a potion of cancellation {unknown}


   Skills:
 + Level 1.8 Fighting
 - Level 2.0 Dodging
 - Level 4.0 Stealth
 - Level 3.0 Unarmed Combat
 + Level 3.5 Spellcasting
 + Level 5.0 Transmutations
 + Level 0.4 Ice Magic
 + Level 3.2 Poison Magic


You had 5 spell levels left.
You knew the following spells:

 Your Spells              Type           Power      Damage    Failure   Level
a - Beastly Appendage     Tmut           40%        N/A       9%          1
b - Spider Form           Tmut/Pois      17%        N/A       22%         3
c - Ice Form              Ice/Tmut       12%        N/A       69%         4

Your spell library contained the following spells:

 Spells                   Type           Power      Damage    Failure   Level
 Wereblood                Tmut           20%        N/A       11%         2


Dungeon Overview and Level Annotations

Branches:
Dungeon (6/15)             Temple (1/1) D:5           Sewer (visited)

Altars:
Ashenzari
Fedhas
Gozag
Hepliaklqana
Kikubaaqudgha
Nemelex Xobeh
Okawaru
Ru
Sif Muna
Uskayaw
Wu Jian
Xom
Zin
The Shining One

Shops:
D:5 [

Annotations:
D:4 exclusion: ogre, Sigmund
D:5 1 runed translucent door, exclusion: centaur, Bodrik's ghost, novice SpCj; Edmund
D:6 Blork the orc


Innate Abilities, Weirdness & Mutations

You are a venomous arachnid creature.
You have poisonous fangs.
You are tiny and dextrous.
Your spellcasting is less reliable in this form.
Your armour is entirely melded.
You are incapable of wielding weapons or throwing items.
You cannot wear most types of armour.
((You are amphibious.))
You can wear up to eight rings at the same time.
((Your skin changes colour to match your surroundings (Stealth+).))
((Your rubbery body absorbs attacks. (AC +1, EV +1)))
((You are camouflaged when in or above water. (Stealth+)))
((You have tentacles for arms and can constrict up to eight enemies at once.))


Message History

The orc wizard casts a spell at you. The puff of flame misses you.
The orc wizard casts a spell at you. The magic dart hits you!
You hit the orc wizard.
The orc wizard is poisoned.
The orc wizard is moderately wounded.
The orc wizard hits you but does no damage.
The orc wizard casts a spell at you. You resist with some effort.
Your magical contamination has completely faded away.
You hit the orc wizard but do no damage.
The orc wizard looks as sick as possible!
The orc wizard is heavily wounded.
Your transformation is almost over.
Blork the orc casts a spell.
Blork the orc seems to speed up.
The orc wizard casts a spell at you. The puff of flame hits you!
You kill the orc wizard!
Your Transmutations skill increases to level 5!
You hit the orc.
The orc is poisoned.
The orc is severely wounded.
Blork the orc gestures at you while chanting.
The magic dart hits you!
* * * LOW HITPOINT WARNING * * *
Blork the orc is distracted by your dazzling golden aura.
The orc completely misses you.
The orc zaps a wand.
The puff of flame hits you!
* * * LOW HITPOINT WARNING * * *
There is a stone staircase leading down here.
Blork the orc is no longer distracted by gold.
You kill the orc!
Blork the orc gestures at you while chanting.
The puff of frost hits you!
* * * LOW HITPOINT WARNING * * *
There is a stone staircase leading up here.
Blork the orc gestures at you while chanting.
The magic dart hits you!
You die...
Your body crumbles into a pile of gold.

#.# #.# #########.###.#
..............#
.......<#.#####
........#.....#
........#####.#########
........#...$.........#
........#.$o....####.##
............#.>.s.....#
..........#.###>##..<.#
...!...##.....#.#.....#
#####.###.#.#.#.#...###
#.......#.#.#...#
#......##.#.#...#
#.###[.......>.## #.#
#[########## #.#
#)..)......


You could see Blork the orc (fast).

Vanquished Creatures
  2 necrophages
  A scorpion (D:5)
  A jelly (D:6)
  3 orc wizards (D:6)
  8 adders
  A river rat (Sewer)
  An ufetubus (D:6)
  4 worms
  12 orcs
  2 bats
  5 endoplasms
  2 giant cockroaches
  2 goblins
  4 hobgoblins
  11 kobolds
  2 quokkas
  7 ball pythons
  4 frilled lizards
  7 rats
79 creatures vanquished.

Notes
Turn   | Place    | Note
-------+----------+-------------------------------------------
     0 | D:1      | DiogoH the Octopode Transmuter began the quest for the Orb.
     0 | D:1      | Reached XP level 1. HP: 13/13 MP: 3/3
   588 | D:1      | Found a faded altar of an unknown god.
   886 | D:2      | Reached skill level 1 in Stealth
   886 | D:2      | Reached XP level 2. HP: 18/18 MP: 3/5
  1544 | D:2      | Reached XP level 3. HP: 23/23 MP: 4/6
  1548 | D:2      | Learned a level 3 spell: Spider Form
  1713 | D:3      | Found a glowing drain.
  1745 | D:3      | Reached skill level 3 in Transmutations
  1791 | Sewer    | Entered a sewer
  1849 | Sewer    | Reached XP level 4. HP: 28/28 MP: 7/7
  1911 | Sewer    | Noticed a kobold brigand
  2121 | Sewer    | Reached skill level 1 in Poison Magic
  2289 | Sewer    | Noticed a kobold brigand
  3309 | D:3      | Identified the +9 long sword of Meamehu {protect, rC+}
  3470 | D:3      | Found a glowing golden altar of the Shining One.
  3901 | D:3      | Reached XP level 5. HP: 33/33 MP: 7/9
  4135 | D:4      | Noticed an ogre
  4182 | D:4      | Noticed Sigmund
  4577 | D:4      | You fall into a shaft and drop 1 floor!
  4577 | D:5      | Entered Level 5 of the Dungeon
  4585 | D:5      | Reached skill level 4 in Transmutations
  4708 | D:5      | Noticed Edmund
  4805 | D:5      | Found a runed translucent door.
  4805 | D:5      | Noticed Bodrik's ghost (novice SpCj)
  4892 | D:5      | Noticed a necrophage
  4897 | D:5      | Killed a necrophage
  4898 | D:5      | Reached XP level 6. HP: 30/38 MP: 8/10
  4967 | D:5      | Found a staircase to the Ecumenical Temple.
  4974 | Temple   | Entered the Ecumenical Temple
  5053 | Temple   | Became a worshipper of Gozag Ym Sagoz the Greedy
  5266 | D:5      | Found Kounn's Antique Armour Boutique.
  5476 | D:5      | Learned a level 4 spell: Ice Form
  5579 | D:6      | Noticed Blork the orc
  5674 | D:6      | Noticed a necrophage
  5713 | D:6      | Killed a necrophage
  5714 | D:6      | Reached XP level 7. HP: 40/43 MP: 10/12
  5859 | D:6      | Reached skill level 5 in Transmutations
  5864 | D:6      | Killed from afar by Blork the orc

Illustrated notes

Levels and vault maps discovered:
D:1:      minmay_arrival_four_houses, layout_loops_ring,
          hellmonk_ecumenical_altar_inner_sanctum
D:2:      layout_basic, minmay_distorted
D:3:      layout_loops_corners, mainiacjoe_overflow_six_doors_small,
          cheibrodos_sewer_entry_sluice, st_stairs_14, minivault_11,
          patterned_corridor
D:4:      layout_rooms, uniq_sigmund, uniq_crazy_yiuf_cottage
D:5:      layout_loops_ring, yredelemnul_forgotten_temple_becter,
          minmay_temple_entry_gardened_gates, gammafunk_ghost_grave,
          serial_shops, nicolae_shop_overgrown_old_shop, uniq_edmund
D:6:      layout_basic, uniq_blork_the_orc
Temple:   dshaligram_water_room_temple

Skill      XL: |  1  2  3  4  5  6  7 |
---------------+----------------------+-----
Stealth        | 1 2 3 4 |  4.0
Transmutations | 3 4 5 |  5.0
Poison Magic   | 1 2 3 |  3.2
Spellcasting   | 3 |  3.5
Fighting       | |  1.8
Dodging        | |  2.0
Unarmed Combat | |  3.0
Ice Magic      | |  0.4

Action                   |  1- 3 |  4- 6 |  7- 9 || total
-------------------------+-------+-------+-------++-------
Melee: Unarmed           |    21 |     9 |    10 ||    40
       Constrict         |     7 |    14 |       ||    21
       Tentacles         |     4 |    11 |       ||    15
       Kick              |     7 |    13 |       ||    20
       Short sword       |    11 |    24 |       ||    35
       Punch             |     1 |     4 |       ||     5
       Long sword        |       |    50 |       ||    50
 Fire: Hunting sling     |    52 |    57 |       ||   109
Throw: Boomerang         |     1 |    29 |       ||    30
 Cast: Beastly Appendage |    15 |    27 |       ||    42
       Spider Form       |       |     3 |     2 ||     5
  Use: Scroll            |       |     7 |       ||     7
 Stab: Sleeping          |     3 |     5 |       ||     8
Armor: Skin              |     5 |    12 |     2 ||    19
Dodge: Dodged            |    17 |    66 |     7 ||    90
